 Dungeon Crawl Stone Soup version 0.32-a0-520-g344ed53f66 (webtiles) character file.

Game seed: 12113873754262010352

1743 retardedninja the Chopper (level 8, -3/67 (73) HPs)
             Began as a Mountain Dwarf Fighter on Feb 27, 2024.
             Was a Believer of Cheibriados.
             Slain by a wight
             ... wielding a +0 trident
              (9 damage)
             ... on level 7 of the Dungeon.
             The game lasted 00:07:50 (5354 turns).

retardedninja the Chopper (Mountain Dwarf Fighter)  Turns: 5354, Time: 00:07:53

HP:   -3/67 (73)    AC: 15    Str: 26    XL:     8   Next: 77%
MP:   8/8           EV:  8    Int: 14    God:    Cheibriados [**....]
Gold: 331           SH:  6    Dex: 20    Spells: 7/7 levels left

rFire   . . .        a - +0 war axe
rCold   + . .        c - +0 buckler
rNeg    . . .        C - +1 chain mail {rC+}
rPois   .            q - +0 helmet
rElec   .            A - +0 cloak
rCorr   .            (no gloves)
SInv    +            m - +0 pair of boots
Will    .....        (no amulet) Stlth
                     z - +6 ring of dexterity
HPRegen 0.31/turn    r - ring of see invisible
MPRegen 0.11/turn

%: no passive effects
@: drained, very slow
A: runic magic, artefact enchanting
a: Renounce Religion, Bend Time


You were on level 7 of the Dungeon.
You worshipped Cheibriados.
Cheibriados was pleased with you.
You visited 2 branches of the dungeon, and saw 8 of its levels.

You collected 331 gold pieces.

Inventory:

Hand Weapons
 a - a +0 war axe (weapon)
Armour
 c - a +0 buckler (worn)
 m - a +0 pair of boots (worn)
 q - a +0 helmet (worn)
 A - a +0 cloak (worn)
 C - a +1 chain mail of cold resistance (worn)
Jewellery
 e - a +4 ring of slaying
 r - a ring of see invisible (right hand)
 v - a ring of flight
 z - a +6 ring of dexterity (left hand)
 B - a ring of protection from fire
Talismans
 y - a beast talisman
Scrolls
 d - a scroll of revelation {unknown}
 f - 2 scrolls of teleportation
 g - 3 scrolls of fog
 h - 4 scrolls of identify {unknown}
 j - 2 scrolls of enchant armour
 o - 2 scrolls of blinking {unknown}
 p - a scroll of vulnerability {unknown}
 u - a scroll of summoning {unknown}
 w - a scroll of amnesia {unknown}
 x - a scroll of poison {unknown}
Potions
 b - a potion of heal wounds {unknown}
 i - a potion of mutation {unknown}
 k - 3 potions of curing
 l - 3 potions of degeneration {unknown}
 n - 3 potions of brilliance {unknown}
 s - a potion of resistance {unknown}
 t - a potion of attraction {unknown}


   Skills:
 * Level 7.5 Fighting
 * Level 7.7 Axes
 + Level 6.4 Armour
 + Level 6.5 Shields


You had 7 spell levels left.
You didn't know any spells.
Your spell library contained the following spells:

 Spells                   Type           Power      Damage    Failure   Level
 Apportation              Tloc           0%         N/A       43%         1
 Magic Dart               Conj           0%         1d3       43%         1
 Necrotise                Necr           0%         1d4       43%         1
 Slow                     Hex            0%         N/A       43%         1
 Sting                    Conj/Alch      0%         1d3       43%         1
 Summon Small Mammal      Summ           0%         N/A       43%         1
 Blink                    Tloc           0%         N/A       58%         2
 Call Imp                 Summ           0%         N/A       58%         2
 Jinxbite                 Hex            0%         N/A       58%         2
 Confusing Touch          Hex            0%         N/A       82%         3
 Dazzling Flash           Conj/Hex       0%         N/A       82%         3
 Mephitic Cloud           Conj/Alch/Air  0%         N/A       82%         3
 Sigil of Binding         Hex            0%         N/A       82%         3
 Vampiric Draining        Necr           0%         2d6       82%         3
 Curse of Agony           Necr           0%         N/A       100%        5
 Silence                  Hex/Air        0%         N/A       100%        5
 Yara's Violent Unravell  Hex/Alch       0%         3d3       100%        5
 Enfeeble                 Hex            0%         N/A       100%        7


Dungeon Overview and Level Annotations

Branches:
Dungeon (7/15)             Temple (1/1) D:4

Altars:
Ashenzari
Cheibriados
Gozag
Kikubaaqudgha
Makhleb
Nemelex Xobeh
Okawaru
Ru
Uskayaw
Vehumet
Zin
The Shining One

Shops:
D:3 *   D:6 =

Annotations:
D:5 3 runed translucent doors, Jigsaw's ghost, novice DgCj
D:6 6 runed translucent doors, asd2613's ghost, novice DsGl
Temple 2 transporters


Innate Abilities, Weirdness & Mutations

Your spellcasting is much less encumbered by armour.
You can use scrolls of enchantment on lesser artefacts.


Message History

You block the wight's attack. The wight misses you.
The wight barely misses you.
You slice the wight!!
You destroy the wight!
Cheibriados appreciates the change of pace.
The wight hits you from afar with a +0 halberd.
You feel drained.
You slash the wight!
The wight is almost destroyed.
The wight barely misses you. The wight hits you but does no damage.
You slash the wight!
You destroy the wight!
Cheibriados appreciates the change of pace.
The wight hits you from afar with a +0 trident.
You feel drained. The wight barely misses you.
Your life force feels restored.
The wight closely misses you. x2; The wight barely misses you.
The wight hits you but does no damage.
Items here: )) [[.
The wight hits you from afar with a +0 trident.
You feel drained. The wight hits you but does no damage.
You block the wight's attack. The wight hits you but does no damage.
There is an open door here.
The wight hits you but does no damage.
The wight hits you from afar with a +0 trident!
You feel drained. The wight closely misses you. You block the wight's attack.
The wight hits you but does no damage.
You hit the wight but do no damage.
The wight hits you from afar with a +0 trident!
The wight hits you with a +0 halberd.
You feel drained.
* * * LOW HITPOINT WARNING * * *
You hit the wight.
The wight is lightly damaged.
The wight hits you with a +0 halberd!
* * * LOW HITPOINT WARNING * * *
You feel drained.
* * * LOW HITPOINT WARNING * * *
The wight hits you from afar with a +0 trident!
You die...
Cheibriados appreciates the motionlessness of death.

#.+ +.#.....
#+#.#####.#+#...
#.....#.....#...
##+##.....'.....##+#
#...#.....#.....#...
#+#...#'#.#####.#+#...
#.......#.+...'.#.....
###...#####...#####...
+..@z.#.......#.'...
#####z#+#...#'#.####
#.....#...#.....#
+.....##+##.....+
#.....# #.....#
###.#+# #+#.### +.#
#.+ ### ###


You could see 2 wights.

Vanquished Creatures
  Grinder (D:5)
  An ice beast (D:5)
  An ogre (D:6)
  A centaur (D:7)
  A phantom (D:6)
  2 wyvern zombies (D:6)
  A gnoll sergeant (D:6)
  3 wights
  A water moccasin zombie (D:6)
  A bombardier beetle (D:5)
  2 howler monkeys
  2 bullfrog zombies (D:6)
  A centaur zombie (D:6)
  A human zombie (D:6)
  4 jellies
  A centaur skeleton (D:6)
  2 hounds (D:4)
  2 iguanas
  An orc wizard (D:5)
  A killer bee zombie (D:6)
  Robin (D:3)
  A howler monkey zombie (D:6)
  11 gnolls
  5 adders
  A howler monkey skeleton (D:6)
  2 ufetubi (D:6)
  4 dart slugs
  5 ribbon worms
  6 orcs
  7 endoplasms
  2 giant cockroaches
  9 goblins
  12 hobgoblins
  12 jackals
  3 quokkas
  5 ball pythons
  10 bats
  5 frilled lizards
  11 kobolds
  A rat (D:2)
143 creatures vanquished.

Notes
Turn   | Place    | Note
-------+----------+-------------------------------------------
     0 | D:1      | retardedninja the Mountain Dwarf Fighter began the quest
                  | for the Orb.
     0 | D:1      | Reached XP level 1. HP: 19/19 MP: 1/1
   121 | D:1      | Reached XP level 2. HP: 19/26 MP: 2/2
   742 | D:2      | Reached XP level 3. HP: 33/33 MP: 3/3
  1632 | D:3      | Reached XP level 4. HP: 29/40 MP: 4/4
  1695 | D:3      | Noticed Robin
  1699 | D:3      | Killed Robin
  2073 | D:3      | Found Quwkoroe's General Store.
  2270 | D:4      | Reached XP level 5. HP: 42/47 MP: 5/5
  2422 | D:4      | Found a staircase to the Ecumenical Temple.
  2450 | Temple   | Found a transporter.
  2450 | Temple   | Found a transporter.
  2450 | Temple   | Found a transporter.
  2450 | Temple   | Found a transporter.
  2450 | Temple   | Entered the Ecumenical Temple
  2467 | Temple   | Became a worshipper of Cheibriados the Contemplative
  2659 | D:4      | Found a hide-covered altar of Uskayaw.
  2926 | D:4      | Found a burning altar of Makhleb.
  2929 | D:4      | Reached XP level 6. HP: 53/53 MP: 6/6
  2953 | D:5      | Entered Level 5 of the Dungeon
  2955 | D:5      | Noticed an ice beast
  2969 | D:5      | Killed an ice beast
  2970 | D:5      | Reached skill level 5 in Shields
  3048 | D:5      | Reached skill level 5 in Fighting
  3048 | D:5      | Reached skill level 5 in Armour
  3052 | D:5      | Reached * piety under Cheibriados
  3358 | D:5      | Found a runed translucent gate.
  3358 | D:5      | Found a runed translucent gate.
  3358 | D:5      | Found a runed translucent gate.
  3359 | D:5      | Noticed Jigsaw's ghost (novice DgCj)
  3432 | D:5      | Noticed Grinder
  3436 | D:5      | Paralysed by Grinder for 3 turns
  3450 | D:5      | Killed Grinder
  3451 | D:5      | Reached skill level 5 in Axes
  3451 | D:5      | Reached XP level 7. HP: 43/61 MP: 7/7
  3785 | D:6      | Found an opulent altar of Gozag.
  3786 | D:6      | Found a sparkling altar of Nemelex Xobeh.
  4140 | D:6      | Found a runed translucent gate.
  4215 | D:6      | Found a runed translucent gate.
  4216 | D:6      | Found a runed translucent gate.
  4222 | D:6      | Noticed asd2613's ghost (novice DsGl)
  4240 | D:6      | Found Uddaar's Jewellery Emporium.
  4245 | D:6      | Reached XP level 8. HP: 67/70 MP: 8/8
  4323 | D:6      | Noticed a rust devil
  4323 | D:6      | Noticed a rust devil
  4366 | D:6      | Found an ancient bone altar of Kikubaaqudgha.
  4566 | D:6      | Reached ** piety under Cheibriados
  5110 | D:6      | Found a runed translucent gate.
  5110 | D:6      | Found a runed translucent gate.
  5110 | D:6      | Found a runed translucent gate.
  5354 | D:7      | Slain by a wight

Illustrated notes

Levels and vault maps discovered:
D:1:      minmay_arrival_arboretum_large, layout_basic,
          minmay_misc_feat_secret_circle, chequers_serial_rivers_small_3
D:2:      layout_basic, serial_park_tiny_1, hangedman_feature_mirror
D:3:      layout_loops_ring, serial_shops, nicolae_shop_statue_plus,
          grunt_decor_arrowhead, uniq_robin
D:4:      layout_rooms, makhleb_heckhound_becter, mainiacjoe_overflow_boulevard,
          minmay_temple_entry_statues_fountains
D:5:      layout_rooms, gammafunk_ghost_necromancy, uniq_grinder
D:6:      cheibrodos_iron_armory, layout_loops_ring,
          grunt_temple_overflow_opulence, lemuel_mausoleum_altar_kikubaaqudgha,
          serial_shops, nicolae_shop_stone, gammafunk_ghost_split
D:7:      nicolae_cairo_tiling_large, layout_rooms,
          lemuel_coloured_pillars_altar, grunt_dithmenos_shadows,
          mainiacjoe_overflow_small_starburst
Temple:   hellmonk_temple_divided_pantheon

Skill      XL: |  1  2  3  4  5  6  7  8 |
---------------+-------------------------+-----
Axes           | 3 4 5 6 7 |  7.7
Shields        | 4 5 6 |  6.5
Fighting       | 4 5 6 7 |  7.5
Armour         | 4 5 6 |  6.4

Action                     |  1- 3 |  4- 6 |  7- 9 || total
---------------------------+-------+-------+-------++-------
  Melee: War axe           |   115 |   172 |   166 ||   453
    Use: Scroll            |     2 |     2 |       ||     4
         Potion            |       |     2 |     2 ||     4
 Armour: Scale mail        |    38 |       |       ||    38
         Chain mail        |    73 |   161 |   167 ||   401
  Dodge: Dodged            |    37 |    80 |    74 ||   191
  Block: Buckler           |    25 |    47 |    61 ||   133

Table legend: (Time is in decaauts)
 A = Elapsed time spent in this place.
 B = Non-inter-level travel time spent in this place.
 C = Inter-level travel time spent in this place.
 D = Time resting spent in this place.
 E = Time spent auto-exploring this place.
 F = Levels seen in this place.
 G = Mean time per level.
                   A        B        C        D        E       F      G
               +--------+--------+--------+--------+--------+-----+--------+
         Total |   6072 |   5859 |    213 |    169 |   4436 |   8 |  759.0 |
       Dungeon |   6023 |   5810 |    213 |    169 |   4436 |   7 |  860.4 |
        Temple |     49 |     49 |      0 |      0 |      0 |   1 |   49.0 |
               +--------+--------+--------+--------+--------+-----+--------+

Top non-repeatable levels by time:
     D:6: 1788 daAuts
     D:5: 993 daAuts
     D:2: 894 daAuts
     D:4: 784 daAuts
     D:3: 730 daAuts
     D:1: 706 daAuts
     D:7: 125 daAuts
  Temple: 49 daAuts
